 Dungeon Crawl Stone Soup version 0.32-a0-520-g344ed53f66 (webtiles) character file.

Game seed: 14252711835707031217

4571 pokeman the Thaumaturge (level 10, -1/56 HPs)
             Began as a Deep Elf Hedge Wizard on Feb 27, 2024.
             Was a Follower of Vehumet.
             Slain by a wraith (8 damage)
             ... on level 7 of the Dungeon.
             The game lasted 00:22:46 (9915 turns).

pokeman the Thaumaturge (Deep Elf Hedge Wizard)     Turns: 9915, Time: 00:22:46

Health: -1/56      AC:  6    Str:  7    XL:     10   Next: 18%
Magic:  9/29       EV: 13    Int: 24    God:    Vehumet [*.....]
Gold:   78         SH:  5    Dex: 14    Spells: 23/36 levels left

rFire   + . .        G - +2 dagger (venom)
rCold   . . .        (no shield)
rNeg    . . .        O - +1 robe {rF+}
rPois   .            c - +0 hat
rElec   .            K - +1 cloak {Will+}
rCorr   .            (no gloves)
SInv    .            a - +0 pair of boots
Will    ++...        t - amulet of reflection
Stlth   ++           f - ring of flight
HPRegen 0.29/turn    (no ring)
MPRegen 0.21/turn

%: reflection
@: on blink cooldown, flying, slowed, very slow
A: no striking features
a: Renounce Religion


You were on level 7 of the Dungeon.
You worshipped Vehumet.
Vehumet was aware of your devotion.
You visited 2 branches of the dungeon, and saw 8 of its levels.
You also visited: Ossuary.

You collected 540 gold pieces.
You spent 462 gold pieces at shops.

Inventory:

Hand Weapons
 e - a +1 dagger of electrocution
 G - a +2 dagger of venom (weapon)
 J - a +2 quarterstaff of chaos
Armour
 a - a +0 pair of boots (worn)
 b - the +6 scale mail "Xadovugg" {rF+ rC- Will+}
   (You found it on level 7 of the Dungeon)

   rF+:       It protects you from fire.
   rC-:       It makes you vulnerable to cold.
   Will+:     It increases your willpower.
 c - a +0 hat (worn)
 K - a +1 cloak of willpower (worn)
 M - a +0 tower shield
 O - a +1 robe of fire resistance (worn)
Magical Staves
 I - a staff of fire
Jewellery
 f - a ring of flight (left hand)
 t - an amulet of reflection (around neck)
 u - an amulet of guardian spirit
Wands
 k - a wand of flame (27)
 w - a wand of polymorph (4)
 H - a wand of light (8)
 L - a wand of paralysis (9)
 N - a wand of digging (5)
Scrolls
 g - 6 scrolls of identify {unknown}
 i - a scroll of amnesia {unknown}
 l - 2 scrolls of enchant armour {unknown}
 m - 6 scrolls of teleportation {unknown}
 n - 2 scrolls of vulnerability {unknown}
 p - 2 scrolls of butterflies {unknown}
 q - a scroll of fog {unknown}
 r - 3 scrolls of torment {unknown}
 s - 2 scrolls of noise {unknown}
 y - a scroll of blinking {unknown}
 E - a scroll of immolation {unknown}
 F - 2 scrolls of poison {unknown}
Potions
 d - a potion of magic
 h - 8 potions of curing {unknown}
 j - 2 potions of lignification {unknown}
 o - 2 potions of enlightenment {unknown}
 v - 3 potions of mutation {unknown}
 x - 2 potions of cancellation {unknown}
 z - a potion of heal wounds {unknown}
 A - a potion of invisibility {unknown}
 B - a potion of attraction {unknown}
 C - 3 potions of might {unknown}
 D - a potion of brilliance {unknown}


   Skills:
 + Level 3.6 Fighting
 - Level 4.1 Armour
 - Level 3.1 Dodging
 - Level 3.0 Stealth
 * Level 13.6 Spellcasting
 + Level 7.7 Conjurations
 - Level 1.1 Summonings
 - Level 1.1 Translocations
 + Level 3.7 Fire Magic
 - Level 1.1 Air Magic
 - Level 1.3 Alchemy
 - Level 1.0 Evocations


You had 23 spell levels left.
You knew the following spells:

 Your Spells              Type           Power      Damage    Failure   Level
a - Magic Dart            Conj           100%       1d8       1%          1
b - Mephitic Cloud        Conj/Alch/Air  32%        N/A       2%          3
c - Call Imp              Summ           42%        N/A       3%          2
d - Blink                 Tloc           42%        N/A       3%          2
e - Iskenderun's Battles  Conj           52%        2d10      4%          5

Your spell library contained the following spells:

 Spells                   Type           Power      Damage    Failure   Level
 Sting                    Conj/Alch      100%       1d9       1%          1
 Slow                     Hex            64%        N/A       3%          1
 Cigotuvi's Dreadful Rot  Necr/Alch/Air  40%        N/A       4%          2
 Jinxbite                 Hex            32%        N/A       5%          2
 Yara's Violent Unravell  Hex/Alch       9%         3d6       61%         5
 Bombard                  Conj/Erth      17%        9d3       75%         6
 Spellforged Servitor     Conj/Summ      18%        N/A       99%         7
 Enfeeble                 Hex            8%         N/A       100%        7


Dungeon Overview and Level Annotations

Branches:
Dungeon (7/15)             Temple (1/1) D:7         Ossuary (visited)

Altars:
Ashenzari
Cheibriados
Dithmenos
Elyvilon
Fedhas
Gozag
Hepliaklqana
Kikubaaqudgha
Makhleb
Nemelex Xobeh
Okawaru
Ru
Sif Muna
Trog
Uskayaw
Vehumet
Wu Jian
Xom
Zin
The Shining One

Shops:
D:1 *   D:3 (!   D:5 :


Message History

The wraith hits you.
The shadow imp hits you but does no damage. x2
The wraith hits you!
* * * LOW HITPOINT WARNING * * *
The wraith drains your vigour!
You feel as though you will be slow longer.
Casting: Magic Dart (safe; 1% risk of failure)
Confirm with . or Enter, or press ? or * to list all spells.
You blink.
Found 4 stones, two leather armours and a glowing quick blade.
Unknown command.
Unknown command.
Casting: Blink (safe; 3% risk of failure)
Confirm with . or Enter, or press ? or * to list all spells.
Aiming: Magic Dart (safe; 1% risk of failure)
Press: ? - help, Shift-Dir - straight line, f/p - wraith
Aim: a wraith (heavily damaged, 100% to hit)
The magic dart hits the wraith but does no damage.
The wraith is heavily damaged.
Your battlesphere fires!
The barrage of energy hits the wraith but does no damage.
The wraith is heavily damaged.
Casting: Magic Dart (safe; 1% risk of failure)
Confirm with . or Enter, or press ? or * to list all spells.
Aiming: Magic Dart (safe; 1% risk of failure)
Press: ? - help, Shift-Dir - straight line, f/p - wraith
Aim: a wraith (heavily damaged, ally target, 100% to hit)
The magic dart hits the wraith.
The wraith is heavily damaged.
Your battlesphere fires!
The barrage of energy hits the wraith!
The wraith is almost destroyed.
Your battlesphere expends the last of its energy and dissipates.
The wraith hits you!
* * * LOW HITPOINT WARNING * * *
The wraith drains your vigour!
You feel as though you will be slow longer.
The shadow imp hits you but does no damage. x2
The wraith hits you!
You die...

##....###.......#...#.....### #
#.....#.........#...####....## #
................#...'..###...## #
........)....P#####P#....##...###
#########'#####...###>....##...##
........[.P##.......☼'.....##...#
..........##.........##(....##..P
#'#########[.....W....#########)#
P.........##(...@5...##..........
#.........###)[...).##..###......
##.....####P###"=!###...# #.#'#..
##...##......#####.....#+#.#.#..
##............#...........###..
##.......#...#.###...........#
###.....#...#.# #.#+#......##
###...#...#.#+#.# #....###.
###P#...'.....# #...##P..


You could see a wraith and a shadow imp.

Vanquished Creatures
  Jeremiah (D:7)
  A steam dragon (D:7)
  4 water moccasins
  4 black bears
  2 ice beasts (D:6)
  5 ogres
  4 centaurs
  3 phantoms
  Blork the orc (D:4)
  5 scorpions
  3 wights (D:7)
  A howler monkey (D:6)
  2 jellies (D:6)
  3 centaur zombies (D:7)
  5 bombardier beetles
  Crazy Yiuf (D:6)
  4 orc priests
  5 hounds
  4 sleepcaps (D:7)
  4 iguanas
  5 scorpion zombies (D:7)
  7 orc wizards
  5 killer bee zombies (D:7)
  9 mummies
  5 gnolls
  10 adders
  7 shadow imps
  2 ufetubi (D:6)
  A dart slug (D:2)
  20 orcs
  6 bats
  4 endoplasms
  3 giant cockroaches (D:1)
  A gnoll zombie (Ossuary)
  2 goblins
  9 hobgoblins
  4 quokkas
  6 ball pythons
  A frilled lizard (D:3)
  4 hobgoblin zombies
  5 kobolds
  A kobold zombie (Ossuary)
  4 orc zombies
  9 rats
192 creatures vanquished.

Vanquished Creatures (collateral kills)
  An ice beast (D:5)
1 creature vanquished.

Grand Total: 193 creatures vanquished

Notes
Turn   | Place    | Note
-------+----------+-------------------------------------------
     0 | D:1      | pokeman the Deep Elf Hedge Wizard began the quest for the
                  | Orb.
     0 | D:1      | Reached XP level 1. HP: 10/10 MP: 7/7
   273 | D:1      | Reached XP level 2. HP: 16/16 MP: 5/9
   640 | D:1      | Found a faded altar of an unknown god.
   660 | D:1      | Reached skill level 5 in Spellcasting
   714 | D:1      | Found Baefugud's General Store.
   881 | D:1      | Reached XP level 3. HP: 20/20 MP: 6/11
   885 | D:1      | Learned a level 3 spell: Mephitic Cloud
   888 | D:1      | Learned a level 2 spell: Call Imp
   891 | D:1      | Learned a level 2 spell: Blink
  1809 | D:2      | Reached skill level 1 in Armour
  2339 | D:3      | Reached skill level 1 in Fighting
  2349 | D:3      | Reached XP level 4. HP: 15/25 MP: 7/13
  2436 | D:3      | Found a broken altar of Ashenzari.
  2590 | D:3      | Noticed a scorpion
  2598 | D:3      | Killed a scorpion
  2599 | D:3      | Reached skill level 6 in Spellcasting
  2599 | D:3      | Reached XP level 5. HP: 25/29 MP: 7/15
  2668 | D:3      | Found a hide-covered altar of Uskayaw.
  2784 | D:3      | Found Sufos's Distillery.
  3236 | D:3      | Found Rolut's Weapon Emporium.
  3342 | D:4      | Reached skill level 1 in Evocations
  3514 | D:4      | Noticed an ogre
  3525 | D:4      | Killed an ogre
  3526 | D:4      | Reached skill level 7 in Spellcasting
  3526 | D:4      | Reached skill level 1 in Air Magic
  3526 | D:4      | Reached XP level 6. HP: 34/34 MP: 10/18
  3609 | D:4      | You are sucked into a shaft and drop 1 floor!
  3609 | D:5      | Entered Level 5 of the Dungeon
  3630 | D:5      | Reached skill level 1 in Alchemy
  3722 | D:5      | Reached XP level 7. HP: 40/40 MP: 14/20
  3796 | D:5      | Reached skill level 8 in Spellcasting
  3839 | D:5      | Found a sand-covered staircase.
  3851 | Ossuary  | Entered an ossuary
  4717 | D:5      | Found Joettic's Book Shoppe.
  4805 | D:4      | Noticed Blork the orc
  4815 | D:4      | Killed Blork the orc
  4822 | D:4      | Reached skill level 9 in Spellcasting
  5016 | D:4      | Reached XP level 8. HP: 46/46 MP: 18/23
  5748 | D:4      | Reached skill level 5 in Conjurations
  6303 | D:6      | Found a runed translucent door.
  6304 | D:6      | Noticed Crazy Yiuf
  6358 | D:6      | Reached skill level 10 in Spellcasting
  6810 | D:6      | Found an ancient bone altar of Kikubaaqudgha.
  7376 | D:5      | Bought a book of Power for 462 gold pieces
  7382 | D:5      | Learned a level 5 spell: Iskenderun's Battlesphere
  7500 | D:6      | Reached skill level 11 in Spellcasting
  7531 | D:6      | Reached XP level 9. HP: 17/50 MP: 3/26
  7931 | D:6      | Killed Crazy Yiuf
  8088 | D:7      | Reached skill level 12 in Spellcasting
  8092 | D:7      | Reached skill level 1 in Fire Magic
  8275 | D:7      | Identified the -2 pair of boots of Starshine {Dex+5}
  8348 | D:7      | Found a staircase to the Ecumenical Temple.
  8358 | Temple   | Entered the Ecumenical Temple
  8368 | Temple   | Became a worshipper of Vehumet
  8393 | D:7      | Identified the +4 whip of the Madman {freeze, Int+6}
  8719 | D:7      | Noticed Jeremiah
  8737 | D:7      | Killed Jeremiah
  8832 | D:7      | Reached skill level 13 in Spellcasting
  9124 | D:7      | Found an iron altar of Okawaru.
  9124 | D:7      | Found a snail-covered altar of Cheibriados.
  9222 | D:7      | Reached XP level 10. HP: 43/56 MP: 5/29
  9740 | D:7      | Reached * piety under Vehumet
  9740 | D:7      | Offered knowledge of Sting by Vehumet.
  9893 | D:7      | Identified the +6 scale mail "Xadovugg" {rF+ rC- Will+}
  9915 | D:7      | Slain by a wraith

Illustrated notes

Levels and vault maps discovered:
D:1:      co_arrival_square_in_a_square_in_a_square, layout_basic, serial_shops,
          shop_statue, basic_ecumenical_altar, minmay_misc_feat_alley
D:2:      layout_basic
D:3:      layout_loops_ring, mainiacjoe_overflow_24_doors,
          nicolae_uskayaw_suspiria, serial_shops,
          nicolae_shop_pleasant_corner_grove, shop, kennysheep_generic_room_5
D:4:      layout_basic, serial_library_hellmonk_angled_corner,
          uniq_blork_the_orc
D:5:      layout_basic, nicolae_ossuary_entry_giza, solitary_fountain,
          minmay_shop_grid_forest
D:6:      minmay_chambers_of_threes, layout_basic,
          mainiacjoe_overflow_tiny_flanked, uniq_crazy_yiuf_cottage
D:7:      bobbens_index_wilting_gardens, layout_basic,
          gammafunk_temple_overflow_wave, minmay_temple_entry_gardened_gates,
          uniq_jeremiah
Temple:   nicolae_temple_bog_church

Skill      XL: |  1  2  3  4  5  6  7  8  9 |
---------------+----------------------------+-----
Spellcasting   | 5 6 7 9 11 13 | 13.6
Armour         | 1 2 4 |  4.1
Fighting       | 1 2 3 |  3.6
Conjurations   | 2 3 4 6 7 |  7.7
Dodging        | 3 |  3.1
Evocations     | 1 |  1.0
Stealth        | 3 |  3.0
Air Magic      | 1 |  1.1
Alchemy        | 1 |  1.3
Fire Magic     | 3 |  3.7
Summonings     | |  1.1
Translocations | |  1.1

Action                     |  1- 3 |  4- 6 |  7- 9 | 10-12 || total
---------------------------+-------+-------+-------+-------++-------
  Melee: Dagger            |     6 |    37 |    80 |       ||   123
   Cast: Magic Dart        |    84 |    49 |   274 |    70 ||   477
         Mephitic Cloud    |     1 |    10 |    20 |       ||    31
         Call Imp          |       |       |     3 |       ||     3
         Iskenderun's Batt |       |       |    20 |     9 ||    29
         Blink             |       |       |       |     1 ||     1
   Stab: Sleeping          |     2 |       |       |       ||     2
         Confused          |     1 |     7 |    11 |       ||    19
 Armour: Robe              |     9 |    15 |    41 |    27 ||    92
  Dodge: Dodged            |     9 |    22 |    50 |    16 ||    97
         Repelled          |       |       |     2 |       ||     2
  Block: Other             |       |    10 |    13 |     5 ||    28
         Reflection        |       |       |     1 |       ||     1

Table legend: (Time is in decaauts)
 A = Elapsed time spent in this place.
 B = Non-inter-level travel time spent in this place.
 C = Inter-level travel time spent in this place.
 D = Time resting spent in this place.
 E = Time spent auto-exploring this place.
 F = Levels seen in this place.
 G = Mean time per level.
                   A        B        C        D        E       F      G
               +--------+--------+--------+--------+--------+-----+--------+
         Total |   9915 |   9512 |    403 |    182 |   7886 |   9 | 1101.7 |
       Dungeon |   9336 |   8942 |    394 |    179 |   7457 |   7 | 1333.7 |
        Temple |     20 |     11 |      9 |      0 |      0 |   1 |   20.0 |
       Ossuary |    558 |    558 |      0 |      3 |    429 |   1 |  558.0 |
               +--------+--------+--------+--------+--------+-----+--------+

Top non-repeatable levels by time:
     D:7: 1870 daAuts
     D:6: 1623 daAuts
     D:4: 1609 daAuts
     D:2: 1305 daAuts
     D:1: 1023 daAuts
     D:3: 988 daAuts
     D:5: 916 daAuts
 Ossuary: 558 daAuts
  Temple: 20 daAuts
